 Dungeon Crawl Stone Soup version 0.28-a0-909-g796cbd3a86 (webtiles) character file.

Game seed: 13382490693937700062

83 funkygono the Covered (level 4, -4/29 HPs)
             Began as a Gargoyle Fighter on Nov 24, 2021.
             Slain by an orc wizard (5 damage)
             ... on level 3 of the Dungeon.
             The game lasted 00:02:52 (2401 turns).

funkygono the Covered (Gargoyle Fighter)            Turns: 2401, Time: 00:02:53

Health: -4/29      AC: 10    Str: 21    XL:     4   Next: 44%
Magic:  4/4        EV:  9    Int:  8    God:
Gold:   87         SH:  4    Dex:  9    Spells: 3/3 levels left

rFire   . . .      SeeInvis .   a - +1 flail
rCold   . . .      Faith    .   c - +0 buckler
rNeg    + . .      Spirit   .   b - +0 scale mail
rPois   ∞          Reflect  .   (no helmet)
rElec   +          Harm     .   (no cloak)
rCorr   .          Rampage  .   (no gloves)
Will    .....                   (no boots)
Stlth   ..........              (no amulet)
HPRegen 0.09/turn               (no ring)
MPRegen 0.09/turn               (no ring)

@: mighty
A: sickness immunity, AC +3, negative energy resistance 1, electricity
resistance, torment resistance 1, petrification resistance
a: no special abilities


You were on level 3 of the Dungeon.
You visited 1 branch of the dungeon, and saw 3 of its levels.

You collected 87 gold pieces.

Inventory:

Hand Weapons
 a - a +1 flail (weapon)
 i - a +0 whip
Missiles
 g - 31 stones (quivered)
 h - 16 poisoned darts
Armour
 b - a +0 scale mail (worn)
 c - a +0 buckler (worn)
Wands
 l - a wand of polymorph (10)
Scrolls
 e - 2 scrolls of holy word
Potions
 f - a potion of mutation


   Skills:
 + Level 3.8 Fighting
 + Level 2.7 Maces & Flails
 + Level 4.3 Armour
 + Level 0.1 Dodging
 + Level 0.8 Stealth
 + Level 3.6 Shields


You had 3 spell levels left.
You didn't know any spells.
Your spell library contained the following spells:

 Spells                   Type           Power      Damage    Failure   Level
 Beastly Appendage        Tmut           0%         N/A       77%         1
 Wereblood                Tmut           0%         N/A       88%         2
 Spider Form              Tmut/Pois      0%         N/A       98%         3


Dungeon Overview and Level Annotations

Branches:
Dungeon (3/15)

Altars:
Ru

Shops:
D:1 [*


Innate Abilities, Weirdness & Mutations

You are immune to sickness and miasma.
Your stone body is resilient. (AC +3)
You are immune to poison.
You resist negative energy. (rN+)
You are resistant to electric shocks. (rElec)
You are resistant to unholy torment.
You are immune to petrification.


Message History

The bat closely misses you. The bat hits you.
You closely miss the bat.
The bat is moderately wounded.
The bat barely misses you. The bat hits you but does no damage.
You barely miss the bat.
The bat is moderately wounded.
The bat barely misses you. x2; The bat closely misses you.
You closely miss the bat. The bat hits you but does no damage. x2
You hit the bat.
You kill the bat!
You hear some strange, mumbled words.
A puff of flame appears from out of thin air!
The puff of flame hits you but does no damage.
You hit the frilled lizard.
You kill the frilled lizard!
You closely miss something. Something hits you but does no damage.
You closely miss something. Something hits you. You block something's attack.
You miss something.
You hear some strange, mumbled words.
A magic dart appears from out of thin air!
The magic dart hits you.
You miss something. Something hits you but does no damage.
You barely miss something. Something hits you but does no damage.
You miss something. Something hits you. Something hits you but does no damage.
You closely miss something. Something hits you but does no damage.
You miss something. Something hits you.
* * * LOW HITPOINT WARNING * * *
You barely miss something. Something hits you but does no damage.
You miss something. Something hits you but does no damage.
You hear some strange, mumbled words.
A puff of flame appears from out of thin air!
The puff of flame hits you!
* * * LOW HITPOINT WARNING * * *
You barely miss something.
You hear some strange, mumbled words.
A magic dart appears from out of thin air!
The magic dart hits you but does no damage.
You feel very mighty all of a sudden. Something hits you.
You die...

.....# ## ...... ..
#..... l ...#..###.##
#.#>....#..### #..
#............##. #.##..
# #.o##......###.....
... ##{##..# #..#......
#.[..##@#..# #....##>.
#..........# ###...##..
..###..#.#.##
#.....#...
##...#.#.†###.##.....<
.........†.........÷...
###.......†#...###)##..
#....##....#.# #)####
#...........#.###..###
#..#...###.#...........


You could see an orc.

Vanquished Creatures
  3 adders
  2 dart slugs
  4 orcs (D:3)
  3 endoplasms
  2 giant cockroaches
  4 goblins
  5 hobgoblins
  3 jackals (D:2)
  4 ball pythons
  5 bats
  5 frilled lizards
  4 kobolds
  4 rats
48 creatures vanquished.

Vanquished Creatures (others)
  2 fungi (D:2)
  A plant (D:2)
3 creatures vanquished.

Grand Total: 51 creatures vanquished

Notes
Turn   | Place    | Note
-------+----------+-------------------------------------------
     0 | D:1      | funkygono the Gargoyle Fighter began the quest for the Orb.
     0 | D:1      | Reached XP level 1. HP: 14/14 MP: 1/1
   194 | D:1      | Reached XP level 2. HP: 19/19 MP: 2/2
   254 | D:1      | Found Enax Qera's Antique Armour Boutique.
   487 | D:1      | Found Keag's General Store.
   902 | D:2      | Found a faded altar of an unknown god.
  1040 | D:2      | Reached XP level 3. HP: 20/24 MP: 3/3
  1220 | D:2      | Found a sacrificial altar of Ru.
  1257 | D:2      | Reached skill level 4 in Armour
  1971 | D:2      | Reached XP level 4. HP: 29/29 MP: 4/4
  2399 | D:3      | HP: 1/29 [something/puff of flame (7)]
  2401 | D:3      | Slain by an orc wizard

Illustrated notes

Levels and vault maps discovered:
D:1:      minmay_arrival_split_and_join, layout_basic, serial_shops,
          nicolae_shop_stone, nicolae_shop_overgrown_old_shop
D:2:      layout_loops_corners, shapermc_ecumenical_altar_mp_urbaneastern,
          basic_altar
D:3:      layout_rooms, nrook_mini_backslash

Skill      XL: |  1  2  3 |
---------------+----------+-----
Armour         | 4 |  4.3
Fighting       | |  3.8
Maces & Flails | |  2.7
Dodging        | |  0.1
Stealth        | |  0.8
Shields        | |  3.6

Action                   |  1- 3 |  4- 6 || total
-------------------------+-------+-------++-------
Melee: Flail             |   108 |    56 ||   164
Throw: Stone             |     2 |       ||     2
Evoke: Wand              |     1 |       ||     1
  Use: Scroll            |     2 |     3 ||     5
       Potion            |       |     1 ||     1
Armor: Scale mail        |    50 |    37 ||    87
Dodge: Dodged            |    65 |    30 ||    95
Block: Buckler           |    22 |    14 ||    36

Table legend: (Time is in decaauts)
 A = Elapsed time spent in this place.
 B = Non-inter-level travel time spent in this place.
 C = Inter-level travel time spent in this place.
 D = Time resting spent in this place.
 E = Time spent auto-exploring this place.
 F = Levels seen in this place.
 G = Mean time per level.
                   A        B        C        D        E       F      G
               +--------+--------+--------+--------+--------+-----+--------+
         Total |   2448 |   2404 |     44 |    243 |   1720 |   3 |  816.0 |
       Dungeon |   2448 |   2404 |     44 |    243 |   1720 |   3 |  816.0 |
               +--------+--------+--------+--------+--------+-----+--------+

Top non-repeatable levels by time:
     D:2: 1320 daAuts
     D:1: 777 daAuts
     D:3: 350 daAuts
